 Dungeon Crawl Stone Soup version 0.29-a0-839-g4793fd635e (webtiles) character file.

Game seed: 5191898155239992378

68905 Conn the Thaumaturge (level 15, -4/88 HPs)
             Began as an Octopode Fire Elementalist on July 14, 2022.
             Was a High Priest of Sif Muna.
             Slain by a slime creature (7 damage)
             ... on level 13 of the Dungeon.
             The game lasted 02:37:33 (31561 turns).

Conn the Thaumaturge (Octopode Fire Elementalist)  Turns: 31561, Time: 02:37:35

Health: -4/88      AC:  3    Str:  7    XL:     15   Next: 28%
Magic:  0/41       EV: 14    Int: 25    God:    Sif Muna [*****.]
Gold:   1769       SH:  0    Dex: 13    Spells: 1/40 levels left

rFire   + + .      SeeInvis .   b - staff of fire
rCold   + + .      Faith    +   (no shield)
rNeg    . . .      Spirit   +   y - +2 hat of the Bear Spirit {Spirit, *Rage Will++}
rPois   .          Reflect  .   u - amulet of faith
rElec   .          Harm     .   A - ring of protection from fire
rCorr   .          Rampage  .   C - ring of fire
Will    ++++.      Rage     20% P - ring of protection from cold
Stlth   ++++......              G - ring of magical power
HPRegen 0.24/turn               d - ring of ice
MPRegen 0.27/turn               (no ring)
                                (no ring)
                                (no ring)

@: no status effects
A: almost no armour, amphibious, 8 rings, camouflage 1, gelatinous body 1,
(nimble swimmer 1), tentacles, cold resistance 1, strong-willed 1
a: Renounce Religion, Channel Magic, Forget Spell, Divine Exegesis


You were on level 13 of the Dungeon.
You worshipped Sif Muna.
Sif Muna was extremely pleased with you.
You visited 4 branches of the dungeon, and saw 22 of its levels.
You also visited: Bailey, Ice Cave and Volcano.

You collected 1799 gold pieces.
You spent 30 gold pieces at shops.

Inventory:

Hand Weapons
 a - a +9 vorpal dagger
 s - the +5 whip of Accord {speed, rN++ Str+3 Dex+2}
   (You took it off a centaur on level 6 of the Dungeon)

   Attacks with this weapon are significantly faster.
   Str:       It affects your strength (+3).
   Dex:       It affects your dexterity (+2).
   rN:        It greatly protects you from negative energy.
 D - the +7 lajatang "Vikyvier" {freeze, rElec rC+ MP+9 Str+2}
   (You acquired it on level 5 of the Lair of Beasts)

   It freezes those it strikes, dealing additional cold damage.
   It can also slow down cold-blooded creatures.
   Str:       It affects your strength (+2).
   rC:        It protects you from cold.
   rElec:     It insulates you from electricity.
   MP:        It affects your magic capacity (+9).
Missiles
 c - 4 datura-tipped darts (quivered)
 o - 22 poisoned darts
 v - 4 throwing nets
Armour
 y - the +2 hat of the Bear Spirit (worn) {Spirit, *Rage Will++}
   (You found it in a bailey)

   Going berserk makes the wearer tougher, and they're slowed less afterward.
   *Rage:     It berserks you when you make melee attacks (+20% chance).
   Will:      It greatly increases your willpower.
Magical Staves
 b - a staff of fire (weapon)
 x - a staff of poison
Jewellery
 d - a ring of ice (on tentacle)
 q - the amulet of Awnek {Harm Regen+}
   (You found it on level 11 of the Dungeon)

   [amulet of regeneration]

   Regen:     It increases your rate of health regeneration.
   Harm:      It increases damage dealt and taken.
 u - an amulet of faith (around mantle)
 z - an amulet of regeneration
 A - a ring of protection from fire (left tentacle)
 C - a ring of fire (right tentacle)
 G - a ring of magical power (on tentacle)
 I - a ring of ice
 P - a ring of protection from cold (on tentacle)
Wands
 h - a wand of roots (20)
 i - a wand of paralysis (16)
 m - a wand of digging (7)
 p - a wand of light (18)
 K - a wand of flame (27)
Scrolls
 e - 2 scrolls of enchant armour
 n - 4 scrolls of immolation
 r - a scroll of poison
 t - 3 scrolls of identify
 w - a scroll of silence
 F - a scroll of fog
 M - a scroll of blinking
 N - a scroll of teleportation
Potions
 f - 2 potions of flight
 g - 7 potions of might
 j - a potion of curing
 k - a potion of mutation
 l - 2 potions of resistance
 B - a potion of magic
 E - 2 potions of lignification {unknown}
 H - 3 potions of brilliance
 J - a potion of ambrosia
 L - a potion of heal wounds
 O - a potion of berserk rage {unknown}
 Q - 2 potions of cancellation


   Skills:
 + Level 3.2 Fighting
 + Level 0.6 Short Blades
 + Level 1.2 Staves
 + Level 0.7 Throwing
 + Level 4.0 Dodging
 + Level 6.0 Stealth
 + Level 13.1 Spellcasting
 + Level 10.3 Conjurations
 + Level 3.7 Hexes
 + Level 8.1 Summonings
 + Level 13.0 Fire Magic
 + Level 7.7 Air Magic
 - Level 4.0 Earth Magic
 * Level 9.2 Invocations
 + Level 0.4 Evocations


You had one spell level left.
You knew the following spells:

 Your Spells              Type           Power      Damage    Failure   Level
a - Foxfire               Conj/Fire      100%       2x1d9     1%          1
b - Hailstorm             Conj/Ice       59%        3d13      4%          4
c - Inner Flame           Hex/Fire       92%        N/A       1%          3
d - Flame Wave            Conj/Fire      100%       2d17      1%          4
e - Scorch                Fire           100%       2d10      1%          2
f - Stone Arrow           Conj/Erth      100%       3d13      1%          3
g - Summon Lightning Spi  Summ/Air       54%        N/A       1%          4
h - Iskenderun's Battles  Conj           61%        2d11      1%          5
i - Lightning Bolt        Conj/Air       28%        1d45      2%          5
j - Fireball              Conj/Fire      53%        3d21      1%          5
k - Summon Guardian Gole  Hex/Summ       45%        N/A       1%          3

Your spell library contained the following spells:

 Spells                   Type           Power      Damage    Failure   Level
 Magic Dart               Conj           100%       1d8       1%          1
 Sandblast                Erth           72%        2d16      1%          1
 Shock                    Conj/Air       100%       1d9       1%          1
 Slow                     Hex            100%       N/A       1%          1
 Beastly Appendage        Tmut           32%        N/A       3%          1
 Poisonous Vapours        Pois/Air       70%        N/A       1%          2
 Searing Ray              Conj           100%       2d8       1%          2
 Static Discharge         Conj/Air       57%        3-11/arc  1%          2
 Call Canine Familiar     Summ           54%        N/A       1%          3
 Conjure Flame            Conj/Fire      100%       6-21      1%          3
 Swiftness                Air            53%        N/A       1%          3
 Airstrike                Air            26%        0-9+      1%          4
 Fulminant Prism          Conj/Hex       25%        3d14      1%          4
 Ensorcelled Hibernation  Hex/Ice        76%        N/A       2%          2
 Passwall                 Tmut/Erth      21%        N/A       2%          2
 Confusing Touch          Hex            34%        N/A       2%          3
 Tukima's Dance           Hex            34%        N/A       2%          3
 Wereblood                Tmut           16%        N/A       5%          2
 Leda's Liquefaction      Hex/Erth       17%        N/A       8%          4
 Summon Mana Viper        Hex/Summ       45%        N/A       9%          5
 Silence                  Hex/Air        22%        N/A       10%         5
 Spider Form              Tmut/Pois      16%        N/A       11%         3
 Vampiric Draining        Necr           16%        2d7       11%         3
 Irradiate                Conj/Tmut      21%        3d18      12%         5
 Conjure Ball Lightning   Conj/Air       28%        3x3d8     14%         6
 Anguish                  Hex/Necr       12%        N/A       17%         4
 Lee's Rapid Deconstruct  Erth           18%        3d12*     19%         5
 Summon Forest            Summ/Tloc      18%        N/A       19%         5
 Statue Form              Tmut/Erth      17%        N/A       94%         6
 Malign Gateway           Summ/Tloc      18%        N/A       99%         7
 Storm Form               Tmut/Air       17%        N/A       99%         7
 Discord                  Hex            17%        N/A       100%        8
 Disjunction              Tloc           8%         N/A       100%        8
 Lehudib's Crystal Spear  Conj/Erth      25%        10d7      100%        8
 Chain Lightning          Conj/Air       28%        3d38      100%        9


Dungeon Overview and Level Annotations

Branches:
Dungeon (13/15)            Temple (1/1) D:7            Lair (6/6) D:10
 Shoals (0/4) Lair:3       Spider (0/4) Lair:3        Slime (0/5) Lair:5
    Orc (2/2) D:9             Elf (0/3) Orc:2        Bailey (visited)
  IceCv (visited)         Volcano (visited)
 Vaults: D:13-14

Altars:
Ashenzari
Cheibriados
Dithmenos
Elyvilon
Fedhas
Gozag
Hepliaklqana
Kikubaaqudgha
Makhleb
Nemelex Xobeh
Okawaru
Qazlal
Ru
Sif Muna
Trog
Uskayaw
Vehumet
Wu Jian
Xom
Yredelemnul
Zin
The Shining One
Jiyva

Shops:
Orc:2 ?*

Annotations:
D:6 Edmund
D:11 1 transporter, tensugalgo's ghost, journeyman DjHW


Innate Abilities, Weirdness & Mutations

You cannot wear most types of armour.
You are amphibious.
You can wear up to eight rings at the same time.
Your skin changes colour to match your surroundings (Stealth+).
Your rubbery body absorbs attacks. (AC +1, EV +1)
((You are camouflaged when in or above water. (Stealth+)))
You have tentacles for arms and can constrict up to eight enemies at once.
Your flesh is cold resistant. (rC+)
You are strong-willed. (Will+)


Message History

The slime creature is moderately wounded.
The slime creature's fire resistance burns away.
You feel less invigorated.
The slime creature barely misses your guardian golem.
A slime creature comes into view.
Casting: Scorch (safe; 1% risk of failure)
Confirm with . or Enter, or press ? or * to list all spells.
Casting: Hailstorm (dangerous; 4% risk of failure)
Press: ? - help, Dir - look around, f - activate You feel a surge of power!
A cannonade of hail descends around you!
The hail pelts the slime creature!!
The slime creature is severely wounded.
The hail pelts the slime creature!!
The slime creature is heavily wounded.
The hail pelts the eight-headed hydra!!
The eight-headed hydra is moderately wounded.
The slime creature hits your guardian golem!!
The slime creature is engulfed in blazing flames.
The slime creature hits your guardian golem!!
Your guardian golem overheats!
You swap places.
The eight-headed hydra attacks as you move away!
The eight-headed hydra barely misses you.
The eight-headed hydra misses you.
The eight-headed hydra barely misses you. x2
The eight-headed hydra bites you! x2
* * * LOW HITPOINT WARNING * * *
The eight-headed hydra completely misses you.
The eight-headed hydra bites you!
* * * LOW HITPOINT WARNING * * *
The eight-headed hydra bites your guardian golem!
Your guardian golem disappears in a puff of smoke!
Your guardian golem explodes!
The fiery explosion engulfs the eight-headed hydra!!
The fiery explosion engulfs you! You resist.
* * * LOW HITPOINT WARNING * * *
The slime creature is engulfed in blazing flames.
The slime creature hits you!
You die...

# #.#.....#......#
###.......#......#
..........#......#
.#...#....J......#
.....#...........#
.#...#...........#
##...#..<......D§#
...............§§#
..............)§@#
..........#..☼.JJ#
.....#....#......#
######....#......#
#....#......#
#....#......#
#....#......#
#......# #......#


You could see an eight-headed hydra and 3 slime creatures.

Vanquished Creatures
  Gastronok (Lair:2)
  Azrael (D:12)
  A dire elephant (Lair:4)
  Snorg (D:11)
  Fannar (Lair:3)
  7 hydras
  3 boulder beetles
  A centaur warrior (D:13)
  A catoblepas (Lair:3)
  A dancing weapon (Volcano)
  3 two-headed ogres (D:11)
  3 death yaks
  4 orc high priests (Orc:2)
  5 wizards
  4 orc knights
  2 deep elf pyromancers
  A deep elf zephyrmancer (Bailey)
  An oklob plant (Lair:4)
  A manticore (Lair:3)
  12 elephants
  4 black mambas
  5 toenail golems (Volcano)
  2 unseen horrors
  2 torpor snails
  4 rime drakes
  10 cane toads
  Maggie (D:6)
  An entropy weaver simulacrum (IceCv)
  9 komodo dragons
  A wind drake (Lair:3)
  5 trolls
  A queen bee (Lair:2)
  Prince Ribbit (Lair:2)
  7 slime creatures
  2 hornets
  9 dream sheep
  21 blink frogs
  2 wraiths
  Sigmund (D:3)
  3 shadows
  41 yaks
  8 wyverns
  2 fire elementals (D:11)
  Eustachio (D:6)
  6 basilisks
  A steam dragon (Lair:2)
  5 wargs
  Menkaure (D:4)
  2 acid dragons
  6 water moccasins
  A hell hound (D:11)
  Duvessa (D:5)
  25 orc warriors
  2 sky beasts (D:7)
  An ice beast (D:6)
  2 black bears (D:5)
  2 ogres
  An ugly thing simulacrum (IceCv)
  5 wolves (Lair:2)
  6 centaurs
  Blork the orc (D:5)
  6 bullfrogs
  A glowing shapeshifter simulacrum (IceCv)
  2 gnoll sergeants
  7 scorpions
  10 wights
  Dowan (D:5)
  23 killer bees
  4 howler monkeys
  An electric eel (Lair:3)
  A crimson imp (D:9)
  6 hounds
  A gnoll bouda (D:4)
  6 iguanas
  2 jellies (D:7)
  32 orc priests
  5 hell rats
  23 orc wizards
  11 adders
  20 gnolls
  3 white imps
  An ufetubus (D:6)
  7 worms
  5 dart slugs
  93 orcs
  3 endoplasms
  9 giant cockroaches
  8 goblins
  9 hobgoblins
  5 kobolds
  4 quokkas
  5 ball pythons
  11 bats
  3 frilled lizards
  4 rats
  A bush (Lair:2)
  A butterfly (Lair:4)
599 creatures vanquished.

Vanquished Creatures (collateral kills)
  An ugly thing (D:11)
  A wraith (D:11)
  A fire elemental (D:11)
  3 hell hounds
  A scorpion (Lair:3)
  5 foxfires
12 creatures vanquished.

Vanquished Creatures (others)
  A wizard (Volcano)
  A gnoll (D:6)
  12 bushes
  2007 foxfires
  30 fungi
  107 plants
2158 creatures vanquished.

Grand Total: 2769 creatures vanquished

Notes
Turn   | Place    | Note
-------+----------+-------------------------------------------
     0 | D:1      | Conn the Octopode Fire Elementalist began the quest for the
                  | Orb.
     0 | D:1      | Reached XP level 1. HP: 11/11 MP: 3/3
   292 | D:1      | Reached XP level 2. HP: 17/17 MP: 5/5
   951 | D:1      | Reached XP level 3. HP: 21/21 MP: 2/6
   998 | D:1      | Learned a level 2 spell: Scorch
  1002 | D:1      | Learned a level 3 spell: Conjure Flame
  1140 | D:2      | Found a faded altar of an unknown god.
  1523 | D:2      | Reached XP level 4. HP: 27/27 MP: 4/7
  2239 | D:3      | Reached XP level 5. HP: 5/31 MP: 1/9
  2626 | D:3      | Found a white marble altar of Elyvilon.
  2650 | D:3      | Noticed a water moccasin
  2656 | D:3      | Killed a water moccasin
  2657 | D:3      | Reached XP level 6. HP: 36/36 MP: 5/10
  2969 | D:3      | Noticed Sigmund
  2975 | D:3      | Killed Sigmund
  2976 | D:3      | Reached XP level 7. HP: 33/42 MP: 7/12
  3775 | D:4      | Noticed Menkaure
  3777 | D:4      | Killed Menkaure
  3778 | D:4      | Reached skill level 5 in Fire Magic
  4092 | D:4      | Found a radiant altar of Vehumet.
  4189 | D:4      | Reached XP level 8. HP: 28/47 MP: 5/14
  4354 | D:4      | Reached skill level 5 in Conjurations
  4860 | D:4      | Learned a level 3 spell: Inner Flame
  4865 | D:4      | Learned a level 4 spell: Flame Wave
  4869 | D:4      | Learned a level 3 spell: Stone Arrow
  4893 | D:5      | Entered Level 5 of the Dungeon
  4975 | D:5      | Reached skill level 5 in Stealth
  5164 | D:5      | Found an ancient bone altar of Kikubaaqudgha.
  5264 | D:5      | Reached skill level 5 in Spellcasting
  5264 | D:5      | Reached skill level 1 in Earth Magic
  5508 | D:5      | Noticed Duvessa
  5512 | D:5      | Noticed Dowan
  5516 | D:5      | Killed Duvessa
  5518 | D:5      | Killed Dowan
  5900 | D:5      | Noticed Blork the orc
  5909 | D:5      | Killed Blork the orc
  6458 | D:6      | Reached XP level 9. HP: 52/52 MP: 8/17
  6560 | D:6      | Noticed Maggie
  6574 | D:6      | Killed Maggie
  6576 | D:6      | Noticed Eustachio
  6576 | D:6      | Noticed Edmund
  6586 | D:6      | Killed Eustachio
  6606 | D:6      | Identified the +5 whip of Accord {speed, rN++ Str+3 Dex+2}
  6724 | D:6      | Reached skill level 1 in Fighting
  7337 | D:7      | Reached skill level 1 in Staves
  7580 | D:7      | Noticed a deep elf pyromancer
  7585 | D:7      | Killed a deep elf pyromancer
  7720 | D:7      | Reached XP level 10. HP: 59/59 MP: 15/20
  7949 | D:7      | Reached skill level 1 in Hexes
  8355 | D:7      | Found a staircase to the Ecumenical Temple.
  8361 | Temple   | Entered the Ecumenical Temple
  8647 | Temple   | Became a worshipper of Sif Muna the Loreminder
  9370 | D:8      | Reached * piety under Sif Muna
  9689 | D:9      | Found a stormy altar of Qazlal.
 10898 | D:9      | Noticed a wizard
 10904 | D:9      | Killed a wizard
 10905 | D:9      | Reached XP level 11. HP: 63/63 MP: 15/23
 11003 | D:9      | Learned a level 4 spell: Summon Lightning Spire
 11113 | D:9      | Found a staircase to the Orcish Mines.
 11187 | Orc:1    | Entered Level 1 of the Orcish Mines
 11315 | Orc:1    | Reached ** piety under Sif Muna
 11370 | Orc:1    | Reached skill level 1 in Air Magic
 11638 | Orc:1    | Found a runed translucent door.
 11645 | Orc:1    | Noticed an orc knight
 11658 | Orc:1    | Killed an orc knight
 11659 | Orc:1    | Reached skill level 1 in Summonings
 11816 | Orc:1    | Noticed an orc knight
 11852 | Orc:1    | Killed an orc knight
 12532 | Orc:2    | Entered Level 2 of the Orcish Mines
 12536 | Orc:2    | Reached *** piety under Sif Muna
 12681 | Orc:2    | Found a frozen archway.
 12693 | IceCv    | Entered an ice cave
 12995 | Orc:2    | Noticed an orc high priest
 12997 | Orc:2    | Noticed an orc high priest
 13013 | Orc:2    | Killed an orc high priest
 13021 | Orc:2    | Killed an orc high priest
 13275 | Orc:2    | Learned a level 4 spell: Airstrike
 13325 | Orc:2    | Noticed an orc high priest
 13328 | Orc:2    | Reached **** piety under Sif Muna
 13354 | Orc:2    | Killed an orc high priest
 13530 | Orc:2    | Noticed an orc high priest
 13535 | Orc:2    | Killed an orc high priest
 13536 | Orc:2    | Reached skill level 10 in Fire Magic
 13612 | Orc:2    | Found Uqupn's Magic Scroll Emporium.
 13612 | Orc:2    | Found Suorghyp's Assorted Antiques.
 13696 | Orc:2    | Noticed an orc knight
 13705 | Orc:2    | Killed an orc knight
 13706 | Orc:2    | Reached XP level 12. HP: 65/70 MP: 8/25
 13907 | Orc:2    | Found a staircase to the Elven Halls.
 13954 | Orc:2    | Noticed an orc high priest
 14199 | Orc:2    | Learned a level 5 spell: Lightning Bolt
 14298 | Orc:2    | Reached skill level 5 in Invocations
 14579 | Orc:2    | Bought a scroll labelled GUCZON AVYMA for 30 gold pieces
 14593 | Orc:2    | Reached ***** piety under Sif Muna
 14716 | Orc:2    | Noticed an orc warlord
 15127 | D:10     | Entered Level 10 of the Dungeon
 15237 | D:10     | Found a flagged portal.
 15248 | Bailey   | Entered a bailey
 15582 | Bailey   | Found a large runed translucent door.
 15582 | Bailey   | Found a large runed translucent door.
 15596 | Bailey   | Found the +2 hat of the Bear Spirit {Spirit, *Rage Will++}
 15660 | Bailey   | Received a gift from Sif Muna
 15661 | Bailey   | Got Sif Muna's Papyrus of Combat Magic {god gift}
 15672 | Bailey   | Identified the +8 plate armour of Virtue {Rampage Int+2
                  | Slay+2}
 16113 | D:10     | Found a staircase to the Lair.
 16281 | D:10     | Found an ornate altar of the Wu Jian Council.
 16855 | D:11     | Noticed a two-headed ogre
 17225 | D:11     | Noticed an eight-headed hydra
 17225 | D:11     | Noticed a two-headed ogre
 17235 | D:11     | Killed a two-headed ogre
 17236 | D:11     | Reached skill level 10 in Spellcasting
 17246 | D:11     | Killed a two-headed ogre
 17249 | D:11     | Killed an eight-headed hydra
 17473 | D:11     | Noticed a boulder beetle
 17477 | D:11     | Found a transporter.
 17491 | D:11     | Gained mutation: You are strong-willed. (Will+) [potion of
                  | mutation]
 17491 | D:11     | Gained mutation: Your system is resistant to poisons.
                  | (rPois) [potion of mutation]
 17491 | D:11     | Gained mutation: You occasionally lose the ability to drink
                  | potions when taking damage. [potion of mutation]
 17491 | D:11     | Gained mutation: You possess an exceptional clarity of
                  | mind. [potion of mutation]
 17500 | D:11     | Lost mutation: You occasionally lose the ability to drink
                  | potions when taking damage. [potion of mutation]
 17500 | D:11     | Lost mutation: You possess an exceptional clarity of mind.
                  | [potion of mutation]
 17500 | D:11     | Lost mutation: Your system is resistant to poisons. (rPois)
                  | [potion of mutation]
 17500 | D:11     | Gained mutation: Your flesh is cold resistant. (rC+)
                  | [potion of mutation]
 17568 | D:11     | Noticed a two-headed ogre
 17575 | D:11     | Killed a two-headed ogre
 17588 | D:11     | Reached skill level 5 in Air Magic
 17769 | D:11     | Reached skill level 5 in Summonings
 17862 | D:11     | Noticed an iron dragon
 17868 | D:11     | Noticed a shard shrike
 17868 | D:11     | an iron dragon changed into a shard shrike
 17868 | D:11     | Noticed tensugalgo's ghost (journeyman DjHW)
 17893 | D:11     | Noticed a titan
 17893 | D:11     | a shard shrike changed into a titan
 17898 | D:11     | Noticed an iron giant
 17898 | D:11     | a titan changed into an iron giant
 17905 | D:11     | Noticed a frost giant
 17905 | D:11     | an iron giant changed into a frost giant
 17906 | D:11     | Noticed a shadow dragon
 17906 | D:11     | a frost giant changed into a shadow dragon
 17908 | D:11     | Noticed a golden dragon
 17908 | D:11     | a shadow dragon changed into a golden dragon
 17915 | D:11     | Noticed a shadow dragon
 17915 | D:11     | a golden dragon changed into a shadow dragon
 17918 | D:11     | Noticed a golden dragon
 17918 | D:11     | a shadow dragon changed into a golden dragon
 17922 | D:11     | Noticed an acid blob
 17922 | D:11     | a golden dragon changed into an acid blob
 17923 | D:11     | Noticed a golden dragon
 17923 | D:11     | an acid blob changed into a golden dragon
 17924 | D:11     | Noticed a rockslime
 17924 | D:11     | a golden dragon changed into a rockslime
 17928 | D:11     | Noticed a juggernaut
 17928 | D:11     | a rockslime changed into a juggernaut
 17930 | D:11     | Noticed a titan
 17930 | D:11     | a juggernaut changed into a titan
 17931 | D:11     | Noticed a shard shrike
 17931 | D:11     | a titan changed into a shard shrike
 17933 | D:11     | Noticed a juggernaut
 17933 | D:11     | a shard shrike changed into a juggernaut
 17935 | D:11     | Noticed an acid blob
 17935 | D:11     | a juggernaut changed into an acid blob
 17936 | D:11     | Noticed a shadow dragon
 17936 | D:11     | an acid blob changed into a shadow dragon
 17939 | D:11     | Noticed an iron giant
 17939 | D:11     | a shadow dragon changed into an iron giant
 17941 | D:11     | Noticed a shadow dragon
 17941 | D:11     | an iron giant changed into a shadow dragon
 17954 | D:11     | Noticed a stone giant
 17971 | D:11     | Identified the amulet of Awnek {Harm Regen+}
 18016 | D:11     | Found a transporter.
 18016 | D:11     | Noticed a frost giant
 18017 | D:11     | Noticed a shadow dragon
 18017 | D:11     | a frost giant changed into a shadow dragon
 18019 | D:11     | Noticed an iron giant
 18019 | D:11     | a shadow dragon changed into an iron giant
 18021 | D:11     | Noticed an eleionoma
 18021 | D:11     | an iron giant changed into an eleionoma
 18026 | D:11     | Noticed an azure jelly
 18037 | D:11     | Noticed a stone giant
 18037 | D:11     | an azure jelly changed into a stone giant
 18040 | D:11     | Noticed a dire elephant
 18040 | D:11     | a stone giant changed into a dire elephant
 18046 | D:11     | Noticed a storm dragon
 18046 | D:11     | a dire elephant changed into a storm dragon
 18097 | D:11     | Noticed an eight-headed hydra
 18099 | D:11     | Noticed an ettin
 18099 | D:11     | an eight-headed hydra changed into an ettin
 18102 | D:11     | Noticed a spark wasp
 18102 | D:11     | an ettin changed into a spark wasp
 18107 | D:11     | Noticed a bunyip
 18107 | D:11     | a spark wasp changed into a bunyip
 18113 | D:11     | Noticed an anaconda
 18113 | D:11     | a bunyip changed into an anaconda
 18122 | D:12     | Noticed Azrael
 18122 | D:12     | Noticed Snorg
 18343 | Lair:1   | Entered Level 1 of the Lair of Beasts
 18641 | Lair:1   | Reached XP level 13. HP: 63/76 MP: 9/27
 19343 | Lair:1   | Found an iron altar of Okawaru.
 19732 | Lair:2   | Noticed Prince Ribbit
 19878 | Lair:2   | Killed Prince Ribbit
 19990 | Lair:2   | Received a gift from Sif Muna
 19996 | Lair:2   | HP: 3/76 [killer bee (1)]
 20479 | Lair:2   | Noticed Gastronok
 20491 | Lair:2   | Killed Gastronok
 21352 | Lair:2   | Got Sif Muna's Codex of Weather and Conjuring {god gift}
 22628 | Lair:3   | Identified the +1 robe of the Endless Expanse {rC+ rN+++}
 22667 | Lair:3   | Reached XP level 14. HP: 69/81 MP: 13/29
 22877 | Lair:3   | Found a hole to the Spider Nest.
 22890 | Lair:3   | Noticed Fannar
 22903 | Lair:3   | Killed Fannar
 23139 | Lair:3   | Found a staircase to the Shoals.
 23692 | Lair:3   | Learned a level 5 spell: Fireball
 24394 | Lair:4   | Received a gift from Sif Muna
 24414 | Lair:4   | Got Ecythul's Anthology of the Meteoric Entourage {god
                  | gift}
 26011 | Lair:4   | Noticed a dire elephant
 26375 | Lair:4   | Killed a dire elephant
 27273 | Lair:5   | Found a staircase to the Slime Pits.
 27273 | Lair:5   | Found a viscous altar of Jiyva.
 27357 | Lair:5   | Identified a scroll of acquirement
 27359 | Lair:5   | Acquired the +7 lajatang "Vikyvier" {freeze, rElec rC+ MP+9
                  | Str+2}
 27667 | Lair:5   | Found a dark tunnel.
 27679 | Volcano  | Entered a volcano
 27770 | Volcano  | Learned a level 5 spell: Iskenderun's Battlesphere
 27977 | Volcano  | Reached skill level 10 in Conjurations
 28841 | Lair:6   | Entered Level 6 of the Lair of Beasts
 28850 | Lair:5   | Reached XP level 15. HP: 63/86 MP: 14/31
 29582 | Lair:6   | Received a gift from Sif Muna
 29583 | Lair:6   | Got Sif Muna's Lessons on Fascination and Snow {god gift}
 29592 | Lair:5   | Learned a level 3 spell: Summon Guardian Golem
 29598 | Lair:5   | Learned a level 4 spell: Hailstorm
 29944 | D:11     | Killed Snorg
 30939 | D:12     | Killed Azrael
 31561 | D:13     | HP: 3/88 [themself (12)]
 31561 | D:13     | Slain by a slime creature

Illustrated notes

Levels and vault maps discovered:
D:1:      erik_arrival_triangle_small, layout_basic, serial_bayou_crossing
D:2:      layout_basic, hellmonk_ecumenical_altar_crossroads, grunt_ministairs_7
D:3:      layout_basic, amcnicky_altar_gilded, kennysheep_generic_room_4,
          uniq_sigmund
D:4:      nicolae_BIG_FREAKIN_CUBE, layout_basic,
          mainiacjoe_overflow_concentric_impassable, minmay_misc_feat_room,
          fountainhead, kennysheep_flooded_box, uniq_menkaure
D:5:      layout_gridville, general_overflow_altar, uniq_duvessa,
          uniq_blork_the_orc
D:6:      layout_rooms, uniq_maggie, uniq_edmund, uniq_eustachio
D:7:      layout_gridville, minmay_temple_entry_proselytizer
D:8:      layout_rooms
D:9:      layout_gridville, lemuel_round_altar, orc_0_dummy, grunt_decor_cap,
          lightli_wizard_tower
D:10:     layout_irregular_city, nzn_wu_jian_contemplation,
          erik_lair_orcish_takeover, enter_bailey_5
D:11:     layout_cross, gammafunk_ghost_arena, gauntlet_entry_generic
D:12:     layout_cave_pools, uniq_azrael, uniq_snorg
D:13:     layout_grid_maze, serial_shops, bzr_entry_lakeside,
          minmay_fractal_squares_5
Temple:   minmay_temple_bridge_d
Lair:1:   layout_cave_shapes, basic_altar, infiniplex_staircase_pool_2,
          grunt_megastairs_2, lemuel_fruit_tree
Lair:2:   layout_long_grid, serial_forest, infiniplex_forest_lined_2,
          infiniplex_forest_clump_small, infiniplex_forest_clump_long,
          infiniplex_forest_lined_ring, infiniplex_forest_straight_2,
          infiniplex_forest_clump_tiny, infiniplex_forest_lined_3,
          infiniplex_forest_split, special_room [special_room_bee],
          uniq_gastronok, uniq_prince_ribbit2
Lair:3:   layout_hall_layers, minmay_shoals_entry_beasts,
          nicolae_spider_entry_non_spiders, hibernation_bobbens,
          grunt_megastairs_4, infiniplex_staircase_pool, serial_bayou_shore_a,
          uniq_fannar
Lair:4:   nzn_winding_woodlands_stair_trap [nzn_winding_woodlands_5x15_sawtooth,
          nzn_winding_woodlands_5x15_garden,
          nzn_winding_woodlands_5x15_river_crossing,
          nzn_winding_woodlands_15x15_boxy_spiral,
          nzn_winding_woodlands_5x15_split_checker,
          nzn_winding_woodlands_5x15_jagged, nzn_winding_woodlands_5x15_twine],
          layout_cave_pods, lemuel_fruit_fields
Lair:5:   layout_big_grid, slime_entry_1, enter_volcano_3
Lair:6:   evil_forest, layout_small_grid, grunt_megastairs_5
Orc:1:    layout_diamond_mine, lightli_church_of_beogh
Orc:2:    st_orc_town, layout_caves, portal_ice_cave_entry_pillars_1

Skill      XL: |  1  2  3  4  5  6  7  8  9 10 11 12 13 14 15 |
---------------+----------------------------------------------+-----
Conjurations   | 2 3 4 5 7 8 9 10 | 10.3
Stealth        | 3 4 5 6 |  6.0
Fire Magic     | 4 5 6 7 9 10 11 12 13 | 13.0
Spellcasting   | 3 4 5 6 8 9 10 11 12 13 | 13.1
Earth Magic    | 2 3 4 |  4.0
Fighting       | 1 2 3 |  3.2
Staves         | 1 |  1.2
Hexes          | 1 2 3 |  3.7
Invocations    | 3 4 6 7 8 9 |  9.2
Dodging        | 3 4 |  4.0
Air Magic      | 3 5 7 |  7.7
Summonings     | 3 5 7 8 |  8.1
Short Blades   | |  0.6
Throwing       | |  0.7
Evocations     | |  0.4

Action                   |  1- 3 |  4- 6 |  7- 9 | 10-12 | 13-15 || total
-------------------------+-------+-------+-------+-------+-------++-------
Melee: Unarmed           |     7 |       |       |       |       ||     7
       Staff             |    11 |    12 |    33 |    23 |    37 ||   116
       Tentacles         |     5 |     3 |    13 |     6 |    15 ||    42
       Constrict         |     4 |     4 |    14 |     7 |     3 ||    32
       Punch             |       |       |       |       |     4 ||     4
       Dagger            |       |       |       |       |    16 ||    16
Throw: Dart              |       |     1 |     3 |       |       ||     4
 Cast: Foxfire           |    53 |    72 |   182 |   489 |   353 ||  1149
       Scorch            |       |     9 |    26 |   112 |   176 ||   323
       Inner Flame       |       |       |     4 |    62 |    47 ||   113
       Flame Wave        |       |       |     3 |    22 |    43 ||    68
       Conjure Flame     |       |       |       |     6 |       ||     6
       Stone Arrow       |       |       |       |     3 |    22 ||    25
       Summon Lightning  |       |       |       |     3 |    17 ||    20
       Airstrike         |       |       |       |     2 |     2 ||     4
       Lightning Bolt    |       |       |       |       |    15 ||    15
       Fireball          |       |       |       |       |    12 ||    12
       Iskenderun's Batt |       |       |       |       |     6 ||     6
       Hailstorm         |       |       |       |       |     9 ||     9
       Summon Guardian G |       |       |       |       |     5 ||     5
Invok: Channel Magic     |       |       |       |     5 |     4 ||     9
       Forget Spell      |       |       |       |       |     1 ||     1
Evoke: Wand              |       |       |     4 |     2 |     3 ||     9
  Use: Potion            |       |     1 |     3 |     5 |    10 ||    19
       Scroll            |       |       |    15 |    15 |    17 ||    47
 Stab: Sleeping          |     2 |     4 |     7 |     1 |     3 ||    17
Armor: Skin              |     1 |     1 |     3 |     4 |    67 ||    76
Dodge: Dodged            |    29 |    12 |    37 |    60 |   238 ||   376

Table legend: (Time is in decaauts)
 A = Elapsed time spent in this place.
 B = Non-inter-level travel time spent in this place.
 C = Inter-level travel time spent in this place.
 D = Time resting spent in this place.
 E = Time spent auto-exploring this place.
 F = Levels seen in this place.
 G = Mean time per level.
                   A        B        C        D        E       F      G
               +--------+--------+--------+--------+--------+-----+--------+
         Total |  31604 |  30794 |    810 |   3666 |  20131 |  25 | 1264.2 |
       Dungeon |  15357 |  14976 |    381 |   1011 |  10888 |  13 | 1181.3 |
        Temple |    355 |    244 |    111 |      0 |    200 |   1 |  355.0 |
          Lair |  10554 |  10287 |    267 |   1203 |   6802 |   6 | 1759.0 |
  Orcish Mines |   3749 |   3699 |     50 |    945 |   1703 |   2 | 1874.5 |
        Bailey |    514 |    514 |      0 |    119 |    202 |   1 |  514.0 |
      Ice Cave |    134 |    134 |      0 |      0 |     88 |   1 |  134.0 |
       Volcano |    938 |    938 |      0 |    387 |    248 |   1 |  938.0 |
               +--------+--------+--------+--------+--------+-----+--------+

Top non-repeatable levels by time:
  Lair:4: 3614 daAuts
  Lair:2: 2072 daAuts
   Orc:1: 2068 daAuts
    D:11: 2039 daAuts
  Lair:3: 1694 daAuts
   Orc:2: 1680 daAuts
     D:3: 1665 daAuts
  Lair:1: 1653 daAuts
     D:9: 1575 daAuts
     D:5: 1475 daAuts
  Lair:5: 1474 daAuts
    D:10: 1438 daAuts
     D:7: 1419 daAuts
     D:4: 1196 daAuts
     D:1: 1075 daAuts
